 Dungeon Crawl Stone Soup version 0.30-a0-39-g42789b21ef (webtiles) character file.

Game seed: 14231693913094067146

0 drugrobin the Sneak (level 1, 0/18 HPs)
             Began as a Demigod Delver on Aug 28, 2022.
             Slain by an ufetubus (3 damage)
             ... on level 5 of the Dungeon.
             The game lasted 00:00:41 (67 turns).

drugrobin the Sneak (Demigod Delver)                  Turns: 67, Time: 00:00:42

Health: 0/18       AC:  3    Str: 13    XL:     1   Next: 0%
Magic:  3/3        EV: 11    Int: 12    God:
Gold:   0          SH:  0    Dex: 15    Spells: 0/0 levels left

rFire   . . .      SeeInvis .    a - +0 hand axe
rCold   . . .      Faith    .    (no shield)
rNeg    . . .      Spirit   .    b - +0 leather armour
rPois   .          Reflect  .    (no helmet)
rElec   .          Harm     .    (no cloak)
rCorr   .          Rampage  .    (no gloves)
Will    .....                    (no boots)
Stlth   +++.......               (no amulet)
HPRegen 0.06/turn                (no ring)
MPRegen 0.08/turn                (no ring)

@: hasted, very quick
A: high MP 1, forlorn, divine attributes
a: no special abilities


You were on level 5 of the Dungeon.
You visited 1 branch of the dungeon, and saw 1 of its levels.

Inventory:

Hand Weapons
 a - a +0 hand axe (weapon)
Armour
 b - a +0 leather armour (worn)
Wands
 g - a wand of digging (2)
Scrolls
 c - a scroll of fog


   Skills:
 + Level 2.6 Fighting
 + Level 1.7 Axes
 + Level 1.7 Dodging
 + Level 4.5 Stealth


You couldn't memorise any spells.
You didn't know any spells.
Your spell library was empty.

Dungeon Overview and Level Annotations

Branches:
Dungeon (5/15)             Temple (0/1) D:5

Annotations:
D:5 ytrimaz's ghost, novice OpTm


Innate Abilities, Weirdness & Mutations

You have an increased reservoir of magic. (+10% MP)
You shall have no god before yourself.
Your divine heritage dramatically boosts your attributes as you level up.


Message History

Unknown command.
The adder attacks as you move away! The adder barely misses you.
Unknown command.
The adder attacks as you move away! The adder bites you.
You are poisoned.
The adder poisons you!
Found a leather armour.
You feel sick.
Unknown command.
As you read the scroll of fear, it crumbles to dust.
You assume a fearsome visage.
The ogre looks frightened!
The adder looks frightened!
You feel sick.
The ogre nearly stumbles in trying to escape.
Unknown command.
You feel sick.
You feel sick.
You feel sick.
You feel sick.
You are no longer poisoned.
An ufetubus comes into view.
The ufetubus shouts!
You feel yourself speed up.
Found a stone staircase leading down.
Found a scroll labelled UCHOTHRA GALILEOH.
Unknown command.
Found an inky potion.
Okay, then.
Aiming: Dig
Press: ? - help, Shift-Dir - straight line A rock wall.
The rock shatters into small pieces.
An orc priest and an orc wizard come into view.
Unknown command.
Found a scroll labelled JISAIN OPHASIT.
The orc priest shouts!
You hear a shout! x2
An orc wizard comes into view. It is wielding a +0 dagger.
Unknown command.
Unknown command.
As you read the scroll of magic mapping, it crumbles to dust.
You feel aware of your surroundings.
You sensed 2 altars.
The ufetubus hits you.
You die...

*,,,,,,,**,,**,#.....#########..#
*,,,,,*,,#?##..#.>...............
*,,,,,**,.o......................
*,,,,,,,,o.o...............###...
*,,,,,,,,.......?..........###...
*,,,,,**,.......,#...............
*******,,.......*#####.########..
*,*.......######.## ##..
**,*.......@5......# #...
*,,*.......#####..!# #...
*,**.......* #...# #...
*,**##....#* ##### ##..
*,*,...###* ##. *,,,##** ## *****


You could see an orc priest, 2 orc wizards and an ufetubus.

Vanquished Creatures (others)
  2 plants (D:5)
2 creatures vanquished.

Notes
Turn   | Place    | Note
-------+----------+-------------------------------------------
     0 | D:5      | drugrobin the Demigod Delver began the quest for the Orb.
     0 | D:5      | Reached XP level 1. HP: 18/18 MP: 3/3
     3 | D:5      | Noticed a howler monkey
     5 | D:5      | Noticed an ogre
     6 | D:5      | Noticed a necrophage
    10 | D:5      | Noticed a hound
    15 | D:5      | Noticed an ice beast
    15 | D:5      | Noticed a hound
    20 | D:5      | Noticed ytrimaz's ghost (novice OpTm)
    65 | D:5      | Noticed an orc priest
    65 | D:5      | Noticed an orc wizard
    66 | D:5      | Noticed an orc wizard
    67 | D:5      | Slain by an ufetubus

Illustrated notes

Levels and vault maps discovered:
D:5:      layout_rooms, trog_hazing_becter, kennysheep_little_box,
          minmay_temple_entry_overgrown, gammafunk_ghost_split, uniq_duvessa

Action                   || total
-------------------------++-------
Evoke: Wand              ||     1
  Use: Scroll            ||     2
       Potion            ||     1
Armor: Leather armour    ||     1
Dodge: Dodged            ||     5

Table legend: (Time is in decaauts)
 A = Elapsed time spent in this place.
 B = Non-inter-level travel time spent in this place.
 C = Inter-level travel time spent in this place.
 D = Time resting spent in this place.
 E = Time spent auto-exploring this place.
 F = Levels seen in this place.
 G = Mean time per level.
                   A        B        C        D        E       F      G
               +--------+--------+--------+--------+--------+-----+--------+
         Total |     59 |     59 |      0 |      0 |      0 |   1 |   59.0 |
       Dungeon |     59 |     59 |      0 |      0 |      0 |   1 |   59.0 |
               +--------+--------+--------+--------+--------+-----+--------+

Top non-repeatable levels by time:
     D:5: 59 daAuts
